 Dungeon Crawl Stone Soup version 0.20.1-1-g8b1a95d (webtiles) character file.

21 Namira the Caller (level 3, -2/24 HPs)
             Began as a Human Summoner on Oct 1, 2017.
             Slain by an adder (3 damage)
             ... on level 1 of the Dungeon.
             The game lasted 00:10:07 (1521 turns).

Namira the Caller (Human Summoner)                  Turns: 1521, Time: 00:10:08

Health: -2/24      AC:  7    Str:  8    XL:     3   Next: 2%
Magic:  0/6        EV:  8    Int: 16    God:
Gold:   32         SH:  0    Dex: 13    Spells: 3/6 levels left

rFire    . . .     SeeInvis .   a - +0 club
rCold    . . .     Gourm    .   (no shield)
rNeg     . . .     Faith    .   d - +0 scale mail
rPois    .         Spirit   .   (no helmet)
rElec    .         Reflect  .   (no cloak)
rCorr    .         Harm     .   (no gloves)
MR       .....                  h - +0 pair of boots
Stlth    +.........             (no amulet)
Regen    0.1/turn               (no ring)
MPRegen  0.1/turn               (no ring)

@: lethally poisoned (-2 -> -6), very slightly contaminated
A: no striking features
a: no special abilities


You were on level 1 of the Dungeon.
You were very hungry.

You visited 1 branch of the dungeon, and saw 2 of its levels.

You collected 32 gold pieces.

Inventory:

Hand Weapons
 a - a +0 club (weapon)
Armour
 d - a +0 scale mail (worn)
 h - a +0 pair of boots (worn)
Scrolls
 e - a scroll of recharging
Books
 b - a book of Callings

   Spells                             Type                      Level
   a - Summon Small Mammal            Summoning                    1
   b - Call Imp                       Summoning                    2
   c - Call Canine Familiar           Summoning                    3
   d - Summon Guardian Golem          Hexes/Summoning              3
   e - Summon Lightning Spire         Summoning/Air                4
   f - Summon Ice Beast               Ice/Summoning                4
Comestibles
 c - 2 bread rations


   Skills:
 + Level 0.4 Armour
 + Level 2.0 Dodging
 + Level 2.0 Stealth
 + Level 2.4 Spellcasting
 + Level 4.3 Summonings


You had 3 spell levels left.
You knew the following spells:

 Your Spells              Type           Power        Failure   Level  Hunger
a - Summon Small Mammal   Summ           ###.         34%         1    #......
b - Call Imp              Summ           ###.....     45%         2    ###....


Dungeon Overview and Level Annotations

Branches:
Dungeon (2/15)

Altars:


Message History

The adder bites you.
* * * LOW HITPOINT WARNING * * *
The adder bites you but does no damage. The dart slug launches a dart at you.
The slug dart misses you.
* * * LOW HITPOINT WARNING * * *
You feel sick.
Casting: Call Imp
Confirm with . or Enter, or press ? or * to list all spells.
You don't have enough magic to cast that spell.
As you read the scroll labeled FECAOLIAPTU, it crumbles to dust.
The creatures around you are filled with an inner flame!
It was a scroll of immolation.
The adder bites you.
* * * LOW HITPOINT WARNING * * *
As you read the scroll labeled VYDUVA TOCY, it crumbles to dust.
You experience a momentary feeling of inescapable doom!
It was a scroll of random uselessness.
* * * LOW HITPOINT WARNING * * *
You feel sick. The adder bites you.
You die...

..#####....####.........####....#
.## #.#.## ##.......## #..#.# ##
#.### ##.....## #.##.# # #.#
##....## #..... #
##.###########'#....# ####.#
##.#.#.#.#.#>#.#.#.#.# #.#
#..5.....)..w.........#####.#
##.#.#.#.#.#S#.#.#.#.#...##.#
#...........@...............#
##.#.#.#.#.#.#.#.#.#.###.####
##..........#...#.#..##.#
###.##.###.##.##.##.##.#
#.##..............##.#
#.######.#####.#####.# #........#
#.#####.# ########## #.......#
#########


You could see an adder (inner flame) and a dart slug (inner flame).

Vanquished Creatures
  A leopard gecko (D:1)
  A goblin (D:1)
  3 bats (D:1)
  2 rats (D:1)
7 creatures vanquished.

Vanquished Creatures (collateral kills)
  A leopard gecko (D:1)
  2 bats (D:1)
  A giant cockroach (D:1)
  8 goblins
  A quokka (D:2)
  A ball python (D:1)
  A frilled lizard (D:1)
  4 rats
19 creatures vanquished.

Grand Total: 26 creatures vanquished

Notes
Turn   | Place    | Note
-------+----------+-------------------------------------------
     0 | D:1      | Namira the Human Summoner began the quest for the Orb.
     0 | D:1      | Reached XP level 1. HP: 13/13 MP: 3/3
   476 | D:1      | Reached XP level 2. HP: 2/19 MP: 0/5
   866 | D:1      | Learned a level 2 spell: Call Imp
  1505 | D:2      | Found a faded altar of an unknown god.
  1513 | D:2      | Reached XP level 3. HP: 11/24 MP: 1/6
  1521 | D:1      | HP: 1/24 [poisoned by an adder]
  1521 | D:1      | Slain by an adder

Action                   || total
-------------------------++-------
Melee: Unarmed           ||    52
       Club              ||    15
 Cast: Summon Small Mamm ||    19
       Call Imp          ||     7
  Use: Scroll            ||     5
       Potion            ||     1
  Eat: Royal jelly       ||     1
Armor: Scale mail        ||    72
Dodge: Dodged            ||    52
